AoeStats
← xxlarc

Arena

506358978Analyzed
1v1 RM · 21d ago on Sep 13, 2026· 57m 57s· 2 players
Game mode
Random Map
Map size
Tiny (2 player)
Population
200
Speed
Normal
Resources
Standard
Victory
Conquest
Starting age
Dark Age
Ending age
Imperial Age
RankedLock teamsTeams togetherTeam positionsShared explorationLock speedFull tech treeHidden civsTurbo modeCheats
Victory
Defeat
🇫🇷 Berbers · France
441
+15
🇫🇷 Byzantines · France
430
-15
chgars1
12:56 Feudal Age
16:04 Double-Bit Axe
17:30 Horse Collar
20:28 Castle Age
19:26 Fletching
21:44 Gold Mining
21:59 Heavy Plow
22:12 Bow Saw
22:22 Bodkin Arrow
24:07 Pikeman
24:48 Squires
24:14 Crossbowman
32:31 Imperial Age
30:58 Husbandry
31:07 Padded Archer Armor
32:41 Wheelbarrow
36:38 Hand Cart
36:43 Stone Mining
37:29 Gold Shaft Mining
38:01 Halberdier
38:06 Cavalier
39:37 Elite Skirmisher
46:50 Paladin
xxlarc
10:18 Loom
14:23 Feudal Age
17:05 Horse Collar
20:33 Castle Age
18:47 Double-Bit Axe
18:55 Stone Mining
18:57 Gold Mining
19:26 Forging
20:48 Elite Skirmisher
29:41 Imperial Age
28:12 Iron Casting
29:48 Heated Shot
31:02 Bow Saw
31:42 Kasbah
33:56 Chemistry
35:19 Wheelbarrow
36:33 Hand Cart
44:01 Elite Genitour
45:50 Blast Furnace
44:42 Fletching
44:53 Padded Archer Armor
45:03 Scale Barding Armor
54:18 Elite Camel Archer
Connection lost

Rejoining the realm…

Still unreachable

The connection could not be restored.

Session expired

The server has moved on; the page needs a fresh start.